 Dungeon Crawl Stone Soup version 0.21.1-1-g345015f (webtiles) character file.

21425 Mirai the Cleaver (level 12, -11/96 HPs)
             Began as a Demonspawn Berserker on Feb 7, 2018.
             Was a High Priest of Trog.
             Killed from afar by a deep elf knight (20 damage)
             ... with a stone arrow
             ... on level 1 of the Elven Halls on Feb 8, 2018.
             The game lasted 01:07:48 (13083 turns).

Mirai the Cleaver (Demonspawn Berserker)           Turns: 13083, Time: 01:07:50

Health: -11/96     AC: 16    Str: 29    XL:     12   Next: 54%
Magic:  0/12       EV: 16    Int: 10    God:    Trog [*****.]
Gold:   1178       SH:  7    Dex: 18    Spells: 11/11 levels left

rFire    + . .     SeeInvis .   s - +1 broad axe (chop)
rCold    . . .     Gourm    .   a - +1 buckler
rNeg     . . .     Faith    .   g - +3 plate armour
rPois    +         Spirit   +   (helmet restricted)
rElec    .         Reflect  .   y - +2 cloak
rCorr    +         Harm     .   n - +0 pair of gloves
MR       ++++.                  (no boots)
Stlth    ..........             u - amulet of Hoewoj {Spirit Str+2}
HPRegen  1.26/turn              L - ring of protection from magic
MPRegen  0.13/turn              r - ring "Teosisat" {rCorr *Corrode rPois MR+ Str+3}

@: mighty, agile, berserk cooldown, starving, regenerating, slowed, drained,
very slow
A: horns 2, repulsion field 1, blink, deformed body, deterioration 1, fire
resistance 1, powered by death 1, powered by pain 1, weak 1, subdued magic 1
a: Blink, Berserk, Trog's Hand, Brothers in Arms, Burn Spellbooks, Renounce
Religion


You were on level 1 of the Elven Halls.
You worshipped Trog.
Trog was extremely pleased with you.
You were starving.

You visited 4 branches of the dungeon, and saw 14 of its levels.
You also visited: Sewer.

You collected 1178 gold pieces.

Inventory:

Hand Weapons
 s - a +1 broad axe of chopping (weapon)
 Z - a +4 arbalest of freezing
Missiles
 e - 2 javelins of returning (quivered)
Armour
 a - a +1 buckler (worn)
 d - a +0 plate armour
 g - a +3 plate armour (worn)
 i - the +0 chain mail "Heonwani" {MR+ Int+6}
   (You found it on level 4 of the Dungeon)

   It affects your intelligence (+6).
   It affects your resistance to hostile enchantments.
 m - a +0 scale mail
 n - a +0 pair of gloves (worn)
 t - a +0 plate armour of fire resistance
 w - a +0 scale mail
 y - a +2 cloak (worn)
 B - a +2 chain mail of poison resistance
 M - a +1 chain mail of fire resistance
 T - a +1 chain mail of cold resistance
 U - a +0 chain mail
Jewellery
 l - an uncursed ring of resist corrosion
 r - the ring "Teosisat" (right hand) {rCorr *Corrode rPois MR+ Str+3}
   (You found it on level 6 of the Dungeon)

   [ring of resist corrosion]

   It affects your strength (+3).
   It protects you from poison.
   It affects your resistance to hostile enchantments.
   It may corrode you when you take damage.
 u - the amulet of Hoewoj (around neck) {Spirit Str+2}
   (You found it on level 10 of the Dungeon)

   [amulet of guardian spirit]

   It causes incoming damage to be split between your health and magic.
   It affects your strength (+2).
 x - an uncursed ring of fire
 D - an uncursed amulet of regeneration
 H - an uncursed amulet of magic regeneration
 L - a ring of protection from magic (left hand)
Wands
 b - a wand of digging (7)
 k - a wand of paralysis (2)
 o - a wand of flame (22)
 v - a wand of iceblast (11)
 I - a wand of acid (6)
 Y - a wand of clouds (3)
Scrolls
 j - 14 scrolls of teleportation
 q - 10 scrolls of identify
 z - 3 scrolls of magic mapping
 G - a scroll of enchant armour
 N - a scroll of enchant weapon
Potions
 h - 4 potions of berserk rage
 p - 11 potions of curing
 A - 4 potions of agility
 K - 2 potions of heal wounds
 P - 2 potions of brilliance
Books
 f - a book of Conjurations

   Spells                             Type                      Level
   a - Magic Dart                     Conjuration                  1
   b - Searing Ray                    Conjuration                  2
   c - Dazzling Spray                 Conjuration/Hexes            3
   d - Fulminant Prism                Conjuration/Hexes            4
   e - Force Lance                    Conjuration/Translocation    4
   f - Iskenderun's Mystic Blast      Conjuration                  4
   Trog disapproves of the use of such an item.
 O - a book of Maledictions

   Spells                             Type                      Level
   a - Corona                         Hexes                        1
   b - Ensorcelled Hibernation        Hexes/Ice                    2
   c - Confuse                        Hexes                        3
   d - Tukima's Dance                 Hexes                        3
   e - Dazzling Spray                 Conjuration/Hexes            3
   Trog disapproves of the use of such an item.
Comestibles
 c - 14 rations


   Skills:
 + Level 9.6(9.4) Fighting
 + Level 13.3(13.1) Axes
 + Level 9.1(8.9) Armour
 - Level 1.8(1.6) Dodging
 * Level 7.0(6.8) Shields
 + Level 0.1(0.0) Evocations


You had 11 spell levels left.
You didn't know any spells.

Dungeon Overview and Level Annotations

Branches:
Dungeon (10/15)            Temple (1/1) D:6            Lair (0/6) D:10
    Orc (2/2) D:9             Elf (1/3) Orc:2

Altars:
Ashenzari
Cheibriados
Dithmenos
Elyvilon
Fedhas
Gozag
Hepliaklqana
Kikubaaqudgha
Makhleb
Nemelex Xobeh
Okawaru
Qazlal
Ru
Sif Muna
Trog
Uskayaw
Vehumet
Wu Jian
Xom
Yredelemnul
Zin
The Shining One
Beogh

Shops:
D:4 =   D:8 :   D:9 [(   Orc:2 *:%[

Annotations:
D:6 1 runed door


Innate Abilities, Weirdness & Mutations

You have a pair of horns on your head.
You are surrounded by a mild repulsion field. (EV +2)
You regenerate a little health from kills.
You sometimes gain a little power by taking damage.
You can translocate small distances at will.
Armour fits poorly on your strangely shaped body.
Your body sometimes deteriorates upon taking damage.
Your flesh is heat resistant. (rF+)
You are weak. (Str -2)
Your spells are a little easier to cast, but a little less powerful.


Message History

There are monsters nearby!
You feel much better.
The deep elf knight hits you but does no damage.
The vampiric glaive hits you from afar!!
* * * LOW HITPOINT WARNING * * *
You focus on the pain.
You feel very mighty all of a sudden.
The deep elf knight points at you and mumbles some strange words.
The orb of energy misses you.
You blink.
You feel slightly more hungry.
The deep elf knight gestures at you while chanting.
The orb of energy misses you.
Your two-headed ogre goes berserk!
You are starving!
The vampiric glaive hits your two-headed ogre!!
Your two-headed ogre closely misses the vampiric glaive.
Your two-headed ogre barely misses the vampiric glaive.
The deep elf knight points at you and mumbles some strange words.
The stone arrow hits you!
You die...

####### ##.....##
##@......##
#.........#
#eO.......#
#.(.......# ..
+e........# ...
#.........# e.#
##).......## #####
##.##.)...##
#+#...###E#####'###


You could see a deep elf archer, a deep elf knight, a vampiric glaive and a
friendly two-headed ogre (berserk).

Vanquished Creatures
  Erolcha (Orc:2)
  5 two-headed ogres
  2 dancing weapons (Elf:1)
  Urug (D:10)
  2 deep elf magi (Elf:1)
  8 orc sorcerers (Orc:2)
  The ghost of Monsterracer the Conjurer, a novice OpVM of Vehumet (D:6)
  Joseph (D:8)
  Psyche (D:10)
  Maurice (D:8)
  2 trolls
  Grinder (D:5)
  A hippogriff (D:8)
  Sigmund (D:6)
  6 yaks (D:10)
  A human (D:7)
  4 hogs (D:7)
  Grum (D:10)
  The ghost of letownia3 the Magician, an amateur DsWz (D:4)
  7 wargs (Orc:2)
  2 water moccasins
  2 porcupines (D:10)
  An ice beast (D:5)
  9 orc warriors
  Duvessa (D:4)
  3 sky beasts
  A black bear (D:6)
  A phantom (D:7)
  8 ogres
  2 wolves (D:10)
  A crocodile (D:10)
  6 big kobolds
  The ghost of garbagetei the Digger, an amateur GrEE (D:3)
  5 bullfrogs
  A wyvern zombie (D:7)
  Dowan (D:4)
  4 scorpions
  4 wights (D:8)
  3 electric eels (D:10)
  A howler monkey (D:6)
  A crimson imp (D:6)
  A quasit (D:5)
  2 jellies (D:6)
  11 orc priests
  A bullfrog skeleton (D:7)
  6 hounds
  4 centaur skeletons
  6 iguanas
  30 orc wizards
  10 worker ants
  2 hound zombies
  A hound skeleton (D:8)
  15 adders
  6 river rats (Sewer)
  2 shadow imps (D:9)
  2 oozes
  An adder skeleton (D:6)
  3 worms
  A dart slug (D:1)
  11 leopard geckos
  48 orcs
  12 ball pythons
  6 giant cockroaches
  13 goblins
  11 hobgoblins
  2 jackals (D:5)
  3 quokkas
  5 bats
  5 frilled lizards
  A jackal skeleton (D:6)
  A jackal zombie (D:9)
  32 kobolds
  A quokka zombie (D:5)
  24 rats
  8 fungi (D:10)
  2 plants (D:10)
395 creatures vanquished.

Vanquished Creatures (others)
  5 dream sheep (D:3)
  An orc wizard (Orc:2)
  An orc (Orc:2)
  A plant (D:10)
8 creatures vanquished.

Grand Total: 403 creatures vanquished

Notes
Turn   | Place    | Note
-------+----------+-------------------------------------------
     0 | D:1      | Mirai the Demonspawn Berserker began the quest for the Orb.
     0 | D:1      | Reached XP level 1. HP: 18/18 MP: 1/1
   150 | D:1      | Gained mutation: You sometimes gain a little power by taking damage. [demonic ancestry]
   150 | D:1      | Reached XP level 2. HP: 20/24 MP: 2/2
   151 | D:1      | Reached skill level 3 in Axes
   692 | D:1      | Reached XP level 3. HP: 23/29 MP: 3/3
   797 | D:1      | Reached ** piety under Trog
   977 | D:2      | Found a shadowy altar of Dithmenos.
  1105 | D:2      | Found a radiant altar of Vehumet.
  1211 | D:2      | Reached XP level 4. HP: 26/37 MP: 4/4
  1555 | D:2      | Found an ancient bone altar of Kikubaaqudgha.
  1589 | D:2      | Found a hide-covered altar of Uskayaw.
  1783 | D:2      | Found a burning altar of Makhleb.
  1933 | D:3      | Found a deep blue altar of Sif Muna.
  1961 | D:3      | Reached skill level 4 in Axes
  2100 | D:3      | Found a snail-covered altar of Cheibriados.
  2111 | D:3      | Noticed garbagetei's ghost (amateur GrEE)
  2118 | D:3      | Killed garbagetei's ghost
  2118 | D:3      | Gained mutation: You regenerate a little health from kills. [demonic ancestry]
  2118 | D:3      | Reached XP level 5. HP: 42/42 MP: 5/5
  2155 | D:3      | Noticed a dream sheep
  2155 | D:3      | Noticed a dream sheep
  2155 | D:3      | Noticed a dream sheep
  2155 | D:3      | Noticed a dream sheep
  2155 | D:3      | Noticed a dream sheep
  2155 | D:3      | Found a shimmering altar of Xom.
  2159 | D:3      | Killed a dream sheep
  2159 | D:3      | Killed a dream sheep
  2159 | D:3      | Killed a dream sheep
  2160 | D:3      | Killed a dream sheep
  2162 | D:3      | Killed a dream sheep
  2359 | D:3      | Reached skill level 5 in Axes
  2858 | D:4      | Noticed an ogre
  2882 | D:4      | Killed an ogre
  2882 | D:4      | Gained mutation: You have a pair of small horns on your head. [demonic ancestry]
  2882 | D:4      | Reached XP level 6. HP: 22/49 MP: 6/6
  2897 | D:4      | Reached *** piety under Trog
  2933 | D:4      | Noticed Dowan
  2936 | D:4      | Noticed Duvessa
  2947 | D:4      | Killed Duvessa
  2989 | D:4      | Killed Dowan
  3204 | D:4      | Got a warped chain mail
  3215 | D:4      | Identified the cursed +0 chain mail "Heonwani" {MR+ Int+6} (You found it on level 4 of the Dungeon)
  3297 | D:4      | Found a sacrificial altar of Ru.
  3344 | D:4      | Found Ecoxkolann's Jewellery Shoppe.
  3352 | D:4      | Reached skill level 6 in Axes
  3352 | D:4      | Reached XP level 7. HP: 44/55 MP: 7/7
  3454 | D:4      | Noticed letownia3's ghost (amateur DsWz)
  3461 | D:4      | Killed letownia3's ghost
  3789 | D:5      | Entered Level 5 of the Dungeon
  3799 | D:5      | Reached skill level 5 in Fighting
  3904 | D:5      | Found a glowing drain.
  3993 | Sewer    | Entered a sewer
  4138 | Sewer    | Reached **** piety under Trog
  4390 | Sewer    | Reached XP level 8. HP: 63/63 MP: 8/8
  4526 | Sewer    | Reached skill level 7 in Axes
  5051 | D:5      | Noticed Grinder
  5082 | D:5      | Killed Grinder
  5125 | D:5      | Found a white marble altar of Elyvilon.
  5256 | D:5      | Found a shattered altar of Ashenzari.
  5382 | D:5      | Reached skill level 5 in Armour
  5535 | D:6      | Found a staircase to the Ecumenical Temple.
  5547 | D:6      | Noticed Monsterracer's ghost (novice OpVM)
  5548 | D:6      | Noticed Sigmund
  5559 | D:6      | Killed Sigmund
  5560 | D:6      | Killed Monsterracer's ghost
  5560 | D:6      | Reached skill level 8 in Axes
  5560 | D:6      | Reached XP level 9. HP: 69/69 MP: 9/9
  5567 | D:6      | Found a blossoming altar of Fedhas.
  5643 | D:5      | Gained mutation: Your flesh is heat resistant. (rF+) [potion of mutation]
  5643 | D:5      | Gained mutation: Your body sometimes deteriorates upon taking damage. [potion of mutation]
  5643 | D:5      | Gained mutation: You can translocate small distances at will. [potion of mutation]
  5781 | D:6      | Noticed a two-headed ogre
  5791 | D:6      | Killed a two-headed ogre
  5791 | D:6      | Reached skill level 9 in Axes
  5791 | D:6      | Reached skill level 1 in Shields
  5909 | D:6      | Noticed an angel
  5931 | D:6      | Found a glowing silver altar of Zin.
  5932 | D:6      | Found a runed door.
  5980 | D:6      | Noticed a two-headed ogre
  5995 | D:6      | Killed a two-headed ogre
  6083 | D:6      | Got a heavily runed tin ring
  6455 | Temple   | Entered the Ecumenical Temple
  6703 | D:7      | Reached XP level 10. HP: 53/77 MP: 10/10
  6964 | D:7      | Reached ***** piety under Trog
  7134 | D:7      | Found an ornate altar of the Wu Jian Council.
  7309 | D:7      | Found a glowing silver altar of Zin.
  7426 | D:7      | Identified the ring "Teosisat" {rCorr *Corrode rPois MR+ Str+3} (You found it on level 6 of the Dungeon)
  7530 | D:7      | Reached skill level 10 in Axes
  7535 | D:7      | Received a gift from Trog
  7796 | D:8      | Found Benattoe's Book Boutique.
  7863 | D:8      | Noticed a two-headed ogre
  7872 | D:8      | Killed a two-headed ogre
  8219 | D:8      | Noticed Maurice
  8219 | D:8      | Noticed a two-headed ogre
  8227 | D:8      | Killed a two-headed ogre
  8230 | D:8      | Killed Maurice
  8230 | D:8      | Reached skill level 11 in Axes
  8402 | D:8      | Found a bloodstained altar of Trog.
  8529 | D:8      | Noticed Joseph
  8533 | D:8      | Gained mutation: You are surrounded by a mild repulsion field. (EV +2) [demonic ancestry]
  8533 | D:8      | Reached XP level 11. HP: 86/86 MP: 11/11
  8554 | D:8      | Killed Joseph
  8715 | D:9      | Noticed a two-headed ogre
  8722 | D:9      | Killed a two-headed ogre
  8860 | D:9      | Received a gift from Trog
  8984 | D:9      | Reached skill level 5 in Shields
  9046 | D:9      | Found Koupaink's Armour Shoppe.
  9066 | D:9      | Found a staircase to the Orcish Mines.
  9074 | D:9      | Found Laul's Weapon Shoppe.
  9639 | D:10     | Entered Level 10 of the Dungeon
  9840 | D:10     | Noticed Psyche
  9855 | D:10     | Killed Psyche
 10312 | D:10     | Found a staircase to the Lair.
 10364 | D:10     | Noticed Urug
 10374 | D:10     | Killed Urug
 10374 | D:10     | Reached skill level 12 in Axes
 10442 | D:10     | Noticed Grum
 10452 | D:10     | Killed Grum
 10691 | D:10     | Got a sparkling steel amulet
 10693 | D:10     | Identified the amulet of Hoewoj {Spirit Str+2} (You found it on level 10 of the Dungeon)
 11328 | Orc:1    | Entered Level 1 of the Orcish Mines
 11522 | Orc:2    | Entered Level 2 of the Orcish Mines
 11528 | Orc:2    | Received a gift from Trog
 11693 | Orc:2    | Noticed an orc sorcerer
 11701 | Orc:2    | Noticed an orc sorcerer
 11708 | Orc:2    | Killed an orc sorcerer
 11714 | Orc:2    | Killed an orc sorcerer
 11715 | Orc:2    | Gained mutation: You have a pair of horns on your head. [demonic ancestry]
 11715 | Orc:2    | Reached XP level 12. HP: 93/95 MP: 12/12
 11774 | Orc:2    | Found Heotiaf's Assorted Antiques.
 11839 | Orc:2    | Found Afefummue's Book Shop.
 11885 | Orc:2    | Found a roughly hewn altar of Beogh.
 11969 | Orc:2    | Found Ynkagan's Food Emporium.
 11970 | Orc:2    | Found Nehoupso's Antique Armour Shop.
 11979 | Orc:2    | Received a gift from Trog
 11988 | Orc:2    | Gained mutation: Armour fits poorly on your strangely shaped body. [a neqoxec]
 11989 | Orc:2    | Gained mutation: You are weak. (Str -2) [a neqoxec]
 11990 | Orc:2    | Gained mutation: Your spells are a little easier to cast, but a little less powerful. [a neqoxec]
 11993 | Orc:2    | Reached ****** piety under Trog
 12310 | Orc:2    | Found a staircase to the Elven Halls.
 12397 | Orc:2    | Reached skill level 13 in Axes
 12452 | Orc:2    | Noticed Erolcha
 12459 | Orc:2    | Killed Erolcha
 12742 | Elf:1    | Entered Level 1 of the Elven Halls
 13079 | Elf:1    | HP: 1/96 [vampiric glaive (12)]
 13083 | Elf:1    | Killed from afar by a deep elf knight

Skill      XL: |  1  2  3  4  5  6  7  8  9 10 11 12 |
---------------+-------------------------------------+-----
Axes           | 3 4 5 6 8 9 11 12 13 | 13.3
Fighting       | 4 5 6 7 9 |  9.6
Armour         | 2 4 5 7 8 9 |  9.1
Shields        | 2 4 6 7 |  7.0
Dodging        | |  1.8
Evocations     | |  0.1

Action                   |  1- 3 |  4- 6 |  7- 9 | 10-12 || total
-------------------------+-------+-------+-------+-------++-------
Melee: Hand axe          |   114 |   157 |   361 |    44 ||   676
       Headbutt          |       |    14 |    74 |   128 ||   216
       War axe           |       |       |       |   160 ||   160
       Broad axe         |       |       |       |   334 ||   334
Invok: Berserk           |     1 |     4 |     7 |    22 ||    34
       Trog's Hand       |     1 |       |       |     3 ||     4
       Brothers in Arms  |       |       |       |     2 ||     2
 Abil: Blink             |       |       |       |     1 ||     1
Evoke: Wand              |       |       |     2 |       ||     2
  Use: Potion            |     3 |     2 |     9 |     4 ||    18
       Scroll            |       |     3 |     5 |    11 ||    19
  Eat: Chunk             |     2 |     8 |    13 |    33 ||    56
       Ration            |       |     1 |     2 |     2 ||     5
Armor: Animal skin       |    37 |     2 |       |       ||    39
       Chain mail        |       |    74 |   196 |   243 ||   513
       Plate armour      |       |       |       |     9 ||     9
Dodge: Dodged            |   113 |    77 |   145 |   221 ||   556
Block: Buckler           |       |       |     9 |   139 ||   148
